 Dungeon Crawl Stone Soup version 0.28-a0-1555-g9ae15a6949 (webtiles) character file.

Game seed: 3740131422396285442

155 gruber the Chucker (level 5, -8/43 HPs)
             Began as a Gnoll Wanderer on Jan 18, 2022.
             Mangled by Crazy Yiuf (19 damage)
             ... on level 3 of the Dungeon.
             The game lasted 00:02:25 (2871 turns).

gruber the Chucker (Gnoll Wanderer)                 Turns: 2871, Time: 00:02:26

Health: -8/43      AC:  5    Str: 15    XL:     5   Next: 37%
Magic:  9/9        EV: 12    Int: 11    God:
Gold:   131        SH:  0    Dex: 10    Spells: 10/10 levels left

rFire   . . .      SeeInvis .   p - +7 Throatcutter {drain, coup de grace}
rCold   . . .      Faith    .   (no shield)
rNeg    . . .      Spirit   .   d - +0 leather armour
rPois   .          Reflect  .   (no helmet)
rElec   .          Harm     .   (no cloak)
rCorr   .          Rampage  .   l - +1 pair of gloves
Will    .....                   (no boots)
Stlth   +.........              (no amulet)
HPRegen 0.14/turn               (no ring)
MPRegen 0.11/turn               (no ring)

@: no status effects
A: fangs 1, strong nose, distributed training
a: no special abilities


You were on level 3 of the Dungeon.
You visited 1 branch of the dungeon, and saw 3 of its levels.

You collected 131 gold pieces.

Inventory:

Hand Weapons
 a - a +3 short sword
 c - a +0 dagger
 p - the +7 Throatcutter (weapon) {drain, coup de grace}
   (You took it off Terence on level 3 of the Dungeon)

   A truly terrible weapon, it drains the life of any living foe it strikes.
   It may instantly kill foes which have little health.
Missiles
 b - 7 boomerangs (quivered)
 f - 10 poisoned darts
Armour
 d - a +0 leather armour (worn)
 l - a +1 pair of gloves (worn)
Wands
 n - a wand of iceblast (6)
Scrolls
 g - a scroll of fog {unknown}
 i - a scroll of fear {unknown}
 j - 2 scrolls of identify {unknown}
 k - 3 scrolls of teleportation {unknown}
 q - a scroll of blinking {unknown}
Potions
 e - a potion of invisibility {unknown}
 h - a potion of magic {unknown}
 m - 3 potions of mutation {unknown}
 o - a potion of heal wounds {unknown}


   Skills:
 + Level 4.8 Fighting
 + Level 6.7 Short Blades
 + Level 1.4 Long Blades
 + Level 1.4 Axes
 + Level 1.4 Maces & Flails
 + Level 1.4 Polearms
 + Level 1.4 Staves
 + Level 1.4 Slings
 + Level 1.4 Bows
 + Level 1.4 Crossbows
 + Level 6.7 Throwing
 + Level 1.4 Armour
 + Level 3.0 Dodging
 + Level 1.4 Stealth
 + Level 1.4 Shields
 + Level 1.4 Unarmed Combat
 + Level 3.1 Spellcasting
 + Level 1.1 Conjurations
 + Level 1.1 Hexes
 + Level 1.1 Summonings
 + Level 1.1 Necromancy
 + Level 1.1 Translocations
 + Level 1.1 Transmutations
 + Level 1.1 Fire Magic
 + Level 1.1 Ice Magic
 + Level 1.1 Air Magic
 + Level 1.1 Earth Magic
 + Level 1.1 Poison Magic
 + Level 1.6 Invocations
 + Level 1.4 Evocations


You had 10 spell levels left.
You didn't know any spells.
Your spell library contained the following spells:

 Spells                   Type           Power      Damage    Failure   Level
 Sting                    Tmut/Pois      16%        1d3       21%         1
 Call Canine Familiar     Summ           4%         N/A       52%         3
 Portal Projectile        Hex/Tloc       8%         N/A       52%         3
 Tukima's Dance           Hex            4%         N/A       52%         3
 Leda's Liquefaction      Hex/Erth       2%         N/A       89%         4
 Passage of Golubria      Tloc           4%         N/A       89%         4
 Yara's Violent Unravell  Hex/Tmut       2%         3d3       99%         5


Dungeon Overview and Level Annotations

Branches:
Dungeon (3/15)

Altars:
Dithmenos
Qazlal
Ru
Uskayaw
Wu Jian

Annotations:
D:3 Crazy Yiuf


Innate Abilities, Weirdness & Mutations

You have very sharp teeth.
Your uncanny sense of smell can sniff out nearby items.
Your experience applies equally to all skills.


Message History

Found a stone staircase leading down.
You see here a +0 ring mail.
You enter the shallow water.
Moving in this stuff is going to be slow.
You enter the shallow water.
Moving in this stuff is going to be slow.
You see here a +0 mace.
Key pressed, stopping explore.
Key pressed, stopping explore.
No target in view!
No target in view!
You pick up a book of the Hunter and begin reading...
You add the spells Call Canine Familiar, Portal Projectile and Leda's Liquefaction to your library.
q - a scroll labelled NENUUN XEOXOQ
Things that are here:
a +0 whip; a +0 scale mail; an orc skeleton Key pressed, stopping explore.
You see here a +0 ring mail.
Could not explore, unopened runed door.
No reachable target in view!
No reachable target in view!
You open the door.
Crazy Yiuf drinks a potion.
Crazy Yiuf seems to grow stronger.
Crazy Yiuf hits you with a +2 quarterstaff of chaos!
Crazy Yiuf burns you!
There is an open translucent door, spattered with blood here.
You are too injured to fight recklessly!
You are too injured to fight recklessly!
You are too injured to fight recklessly!
You are too injured to fight recklessly!
You slash Crazy Yiuf! You drain Crazy Yiuf.
You bite Crazy Yiuf, but do no damage.
Crazy Yiuf is heavily wounded.
Crazy Yiuf hits you with a +2 quarterstaff of chaos!
Crazy Yiuf freezes you.
* * * LOW HITPOINT WARNING * * *
You closely miss Crazy Yiuf.
Crazy Yiuf is heavily wounded.
Crazy Yiuf hits you with a +2 quarterstaff of chaos!!
You die...

#....># #####
#.###.#############
##...##
#.................†
##)....##
###########.......#
#.......# #######.#
#.......# #..# #.#
#.....### #### #####.#
#.# ###.#.#### #)..###
##.#...# #.# .........#
#...g@####......####.#
###.)..).#
#...##..#.............
#.#.#### ####
###.#..#.........
###.#.# #############.#
....#<# #.# ###.#.#
########### #.#
###.#.######.>.......##
#[#
......................#
#####.#
#####.######.#.######.#
#.....#


You could see Crazy Yiuf (strong, drained).

Vanquished Creatures
  A jelly (D:3)
  Jessica (D:3)
  Terence (D:3)
  2 adders (D:2)
  A worm (D:3)
  An orc (D:3)
  4 bats
  An endoplasm (D:3)
  8 giant cockroaches
  5 goblins
  5 hobgoblins
  8 kobolds
  A quokka (D:1)
  6 ball pythons
  3 frilled lizards
  4 rats
52 creatures vanquished.

Vanquished Creatures (others)
  4 plants (D:3)
4 creatures vanquished.

Grand Total: 56 creatures vanquished

Notes
Turn   | Place    | Note
-------+----------+-------------------------------------------
     0 | D:1      | gruber the Gnoll Wanderer began the quest for the Orb.
     0 | D:1      | gruber set off with the following items: a +3 short sword,
                  | 7 boomerangs, a +0 dagger, a +0 leather armour
     0 | D:1      | Reached XP level 1. HP: 20/20 MP: 4/4
   332 | D:1      | Reached XP level 2. HP: 25/26 MP: 5/5
  1232 | D:2      | Reached XP level 3. HP: 31/31 MP: 7/7
  1432 | D:2      | Found a faded altar of an unknown god.
  1440 | D:2      | Got Plato's Guide on Poisoning and Transmutation
  1650 | D:2      | Reached skill level 1 in Invocations
  1692 | D:2      | Reached skill level 1 in Long Blades
  1692 | D:2      | Reached skill level 1 in Axes
  1692 | D:2      | Reached skill level 1 in Maces & Flails
  1692 | D:2      | Reached skill level 1 in Polearms
  1692 | D:2      | Reached skill level 1 in Staves
  1692 | D:2      | Reached skill level 1 in Slings
  1692 | D:2      | Reached skill level 1 in Bows
  1692 | D:2      | Reached skill level 1 in Crossbows
  1692 | D:2      | Reached skill level 1 in Armour
  1692 | D:2      | Reached skill level 1 in Stealth
  1692 | D:2      | Reached skill level 1 in Shields
  1692 | D:2      | Reached skill level 1 in Unarmed Combat
  1692 | D:2      | Reached skill level 1 in Evocations
  1775 | D:2      | Reached XP level 4. HP: 38/38 MP: 8/8
  2073 | D:3      | Noticed a fire elemental
  2075 | D:3      | Found a stormy altar of Qazlal.
  2077 | D:3      | Noticed a water elemental
  2078 | D:3      | Noticed an earth elemental
  2078 | D:3      | Noticed an air elemental
  2190 | D:3      | Noticed Jessica
  2196 | D:3      | Killed Jessica
  2197 | D:3      | Reached skill level 1 in Conjurations
  2197 | D:3      | Reached skill level 1 in Hexes
  2197 | D:3      | Reached skill level 1 in Summonings
  2197 | D:3      | Reached skill level 1 in Necromancy
  2197 | D:3      | Reached skill level 1 in Translocations
  2197 | D:3      | Reached skill level 1 in Transmutations
  2197 | D:3      | Reached skill level 1 in Fire Magic
  2197 | D:3      | Reached skill level 1 in Ice Magic
  2197 | D:3      | Reached skill level 1 in Air Magic
  2197 | D:3      | Reached skill level 1 in Earth Magic
  2197 | D:3      | Reached skill level 1 in Poison Magic
  2239 | D:3      | Reached XP level 5. HP: 43/43 MP: 9/9
  2335 | D:3      | Found an ornate altar of the Wu Jian Council.
  2335 | D:3      | Found a sacrificial altar of Ru.
  2356 | D:3      | Found a shadowy altar of Dithmenos.
  2359 | D:3      | Found a hide-covered altar of Uskayaw.
  2573 | D:3      | Noticed Terence
  2588 | D:3      | Killed Terence
  2640 | D:3      | Found a runed translucent door.
  2641 | D:3      | Noticed Crazy Yiuf
  2871 | D:3      | Mangled by Crazy Yiuf

Illustrated notes

Levels and vault maps discovered:
D:1:      roderic_dead_forest, layout_basic, minmay_misc_feat_iff
D:2:      layout_loops_corners, shapermc_ecumenical_altar_rom_forum
D:3:      layout_loops_ring, nicolae_qazlal_style_of_elements,
          grunt_temple_overflow_cloverleaf, serial_bayou_ford_a,
          uniq_crazy_yiuf_cottage, uniq_jessica, uniq_terence

Skill      XL: |  1  2  3  4  5 |
---------------+----------------+-----
Invocations    | 1 |  1.6
Long Blades    | 1 |  1.4
Axes           | 1 |  1.4
Maces & Flails | 1 |  1.4
Polearms       | 1 |  1.4
Staves         | 1 |  1.4
Slings         | 1 |  1.4
Bows           | 1 |  1.4
Crossbows      | 1 |  1.4
Armour         | 1 |  1.4
Stealth        | 1 |  1.4
Shields        | 1 |  1.4
Unarmed Combat | 1 |  1.4
Evocations     | 1 |  1.4
Spellcasting   | 3 |  3.1
Conjurations   | 1 |  1.1
Hexes          | 1 |  1.1
Summonings     | 1 |  1.1
Necromancy     | 1 |  1.1
Translocations | 1 |  1.1
Transmutations | 1 |  1.1
Fire Magic     | 1 |  1.1
Ice Magic      | 1 |  1.1
Air Magic      | 1 |  1.1
Earth Magic    | 1 |  1.1
Poison Magic   | 1 |  1.1
Dodging        | 3 |  3.0
Fighting       | |  4.8
Short Blades   | |  6.7
Throwing       | |  6.7

Action                   |  1- 3 |  4- 6 || total
-------------------------+-------+-------++-------
Melee: Short sword       |    90 |    42 ||   132
       Bite              |     5 |     7 ||    12
       Long sword        |       |     3 ||     3
       Punch             |       |     1 ||     1
Throw: Boomerang         |       |     8 ||     8
 Stab: Sleeping          |     1 |       ||     1
Armor: Leather armour    |    17 |     9 ||    26
Dodge: Dodged            |    45 |    21 ||    66

Table legend: (Time is in decaauts)
 A = Elapsed time spent in this place.
 B = Non-inter-level travel time spent in this place.
 C = Inter-level travel time spent in this place.
 D = Time resting spent in this place.
 E = Time spent auto-exploring this place.
 F = Levels seen in this place.
 G = Mean time per level.
                   A        B        C        D        E       F      G
               +--------+--------+--------+--------+--------+-----+--------+
         Total |   2847 |   2751 |     96 |      0 |   2415 |   3 |  949.0 |
       Dungeon |   2847 |   2751 |     96 |      0 |   2415 |   3 |  949.0 |
               +--------+--------+--------+--------+--------+-----+--------+

Top non-repeatable levels by time:
     D:1: 1163 daAuts
     D:2: 857 daAuts
     D:3: 826 daAuts
